 Dungeon Crawl Stone Soup version 0.25-a0-667-gb977e01cb5 (webtiles) character file.

Game seed: 14376803228882925943, levelgen mode: deterministic

841 kae the Destroyer (level 8, -3/41 HPs)
             Began as a Tengu Air Elementalist on Mar 27, 2020.
             Killed by divine providence
             ... invoked by an orc priest
              (10 damage)
             ... on level 4 of the Dungeon.
             The game lasted 00:05:38 (6399 turns).

kae the Destroyer (Tengu Air Elementalist)          Turns: 6399, Time: 00:05:39

Health: -3/41      AC:  3    Str:  9    XL:     8   Next: 0%
Magic:  13/15      EV: 13    Int: 17    God:
Gold:   236        SH:  0    Dex: 15    Spells: 5/15 levels left

rFire    . . .     SeeInvis .   h - staff of conjuration
rCold    + . .     Gourm    .   (no shield)
rNeg     . . .     Faith    .   a - +1 robe
rPois    .         Spirit   .   (helmet restricted)
rElec    .         Reflect  .   (no cloak)
rCorr    .         Harm     .   (no gloves)
MR       .....                  (boots unavailable)
Stlth    ++........             (no amulet)
HPRegen  0.13/turn              d - ring of protection from cold
MPRegen  0.14/turn              (no ring)

@: no status effects
A: beak, talons 3, able to fly
a: Fly


You were on level 4 of the Dungeon.
You were not hungry.

You visited 1 branch of the dungeon, and saw 5 of its levels.

You collected 236 gold pieces.

Inventory:

Hand Weapons
 g - a +0 spear
Armour
 a - a +1 robe (worn)
Magical Staves
 h - an uncursed staff of conjuration (weapon)
Jewellery
 d - a ring of protection from cold (left hand)
 n - an uncursed ring of positive energy
 x - an uncursed amulet of rage
Wands
 q - a wand of flame (16)
Scrolls
 b - 2 scrolls of enchant weapon
 i - a scroll of fear
 l - 2 scrolls of enchant armour
 s - a scroll of remove curse
Potions
 e - a potion of lignification
 k - a potion of flight
 m - a potion of might
 o - 2 potions of magic {unknown}
 r - 2 potions of stabbing {unknown}
 t - a potion of curing {unknown}
Comestibles
 c - 6 rations


   Skills:
 - Level 2.1 Dodging
 - Level 2.0 Stealth
 + Level 4.3 Spellcasting
 * Level 8.1 Conjurations
 + Level 6.9 Air Magic


You had 5 spell levels left.
You knew the following spells:

 Your Spells              Type           Power        Failure   Level  Hunger
a - Shock                 Conj/Air       ####         1%          1    None
b - Static Discharge      Conj/Air       #####...     1%          3    ###....
c - Airstrike             Air            ####......   9%          4    ####...
d - Swiftness             Chrm/Air       ###.....     5%          2    ##.....

Your spell library contained the following spells:

 Spells                   Type           Power        Failure   Level  Hunger
 Lightning Bolt           Conj/Air       #####.....   19%         5    ######.


Dungeon Overview and Level Annotations

Branches:
Dungeon (5/15)
 Temple: D:4-7

Altars:
Makhleb
Okawaru
Trog
Xom

Shops:
D:5 %


Innate Abilities, Weirdness & Mutations

You have a beak for a mouth.
You have claws for feet.
You can fly continuously.


Message History

Casting: Shock (safe; 1% risk of failure)
Confirm with . or Enter, or press ? or * to list all spells.
Aiming: Shock (safe; 1% risk of failure)
Press: ? - help, Shift-Dir - straight line, f/p - orc priest
Aim: an orc priest, wielding a +0 club (heavily wounded)
You feel a surge of power!
The zap hits the orc priest.
The orc priest is severely wounded.
The orc priest invokes the aid of Beogh against you.
Beogh smites you!
* * * LOW HITPOINT WARNING * * *
Casting: Shock (safe; 1% risk of failure)
Confirm with . or Enter, or press ? or * to list all spells.
Aiming: Shock (safe; 1% risk of failure)
Press: ? - help, Shift-Dir - straight line, f/p - orc priest
Aim: an orc priest, wielding a +0 club (severely wounded)
You feel a surge of power!
The zap hits the orc priest.
The orc priest is almost dead.
The orc priest calls down the wrath of Beogh upon you.
Beogh smites you!
You die...

###.#.#.#.#########
#...#...#.........#
#.####..##.######.#
####.#............##.#
........#.......#.##.#
####.#..#.#######.##.#
#.#..#...#......#†#
#.#......#.######.#
####+##.#.......@o.#.#
#.......#...#.####$#.#
#.÷...###.###.# *)#.#
......#.....#.# *)#.#
.)....#.#.#.#.# *.#.#
)######.#.#.#.# *.#.#
.######.#.#.#.#***.#.#
........#.#....,,,.#.#
.########.##########.#


You could see an orc priest.

Vanquished Creatures
  An ice beast (D:5)
  An ogre (D:4)
  2 crimson imps
  3 hounds
  2 orc priests (D:4)
  2 orc wizards (D:4)
  Natasha (thrice) (D:2)
  3 worker ants (D:4)
  A hound skeleton (D:5)
  Robin (D:2)
  9 adders
  An adder skeleton (D:5)
  2 worms
  4 dart slugs
  2 leopard geckos (D:3)
  12 orcs
  6 bats
  2 giant cockroaches
  12 hobgoblins
  5 jackals
  15 kobolds
  4 quokkas
  2 ball pythons
  4 frilled lizards
  17 goblins
  8 rats
124 creatures vanquished.

Notes
Turn   | Place    | Note
-------+----------+-------------------------------------------
     0 | D:1      | kae the Tengu Air Elementalist began the quest for the Orb.
     0 | D:1      | Reached XP level 1. HP: 10/10 MP: 4/4
   118 | D:1      | Reached skill level 2 in Conjurations
   133 | D:1      | Reached XP level 2. HP: 8/15 MP: 1/6
   547 | D:1      | Reached XP level 3. HP: 12/19 MP: 0/7
   683 | D:1      | Reached skill level 3 in Conjurations
  1208 | D:2      | Noticed Natasha
  1331 | D:1      | Learned a level 3 spell: Static Discharge
  1346 | D:2      | Killed Natasha
  1346 | D:2      | Reached XP level 4. HP: 11/24 MP: 0/8
  1351 | D:2      | Noticed Natasha
  1540 | D:2      | Killed Natasha
  1540 | D:2      | Reached skill level 4 in Conjurations
  1547 | D:2      | Noticed Natasha
  1636 | D:2      | Killed Natasha
  1636 | D:2      | Reached skill level 5 in Air Magic
  1692 | D:2      | Found a bloodstained altar of Trog.
  1752 | D:2      | Gained mutation: You can fly continuously. [Tengu growth]
  1752 | D:2      | Reached XP level 5. HP: 25/28 MP: 6/10
  2554 | D:2      | Noticed Robin
  2558 | D:2      | Killed Robin
  2561 | D:2      | Reached skill level 5 in Conjurations
  3035 | D:2      | Found an iron altar of Okawaru.
  3815 | D:3      | Reached XP level 6. HP: 32/32 MP: 4/11
  3993 | D:3      | You fall into a shaft and drop 2 floors!
  3993 | D:5      | Entered Level 5 of the Dungeon
  4283 | D:5      | Reached skill level 6 in Conjurations
  4351 | D:5      | Learned a level 4 spell: Airstrike
  4354 | D:5      | Learned a level 2 spell: Swiftness
  4445 | D:5      | Found Siokux's Food Shop.
  4512 | D:5      | Noticed an ice beast
  4555 | D:5      | Killed an ice beast
  4783 | D:4      | Reached XP level 7. HP: 36/36 MP: 9/13
  4870 | D:4      | Reached skill level 7 in Conjurations
  5158 | D:3      | Found a shimmering altar of Xom.
  5158 | D:3      | Found a burning altar of Makhleb.
  6384 | D:4      | Reached skill level 8 in Conjurations
  6391 | D:4      | Reached XP level 8. HP: 19/41 MP: 2/15
  6399 | D:4      | Killed from afar by an orc priest

Levels and vault maps discovered:
D:1:      dpeg_arrival_round_b, layout_loops_corners
D:2:      layout_loops_cross, okawaru_altar_gauntlet_db,
          trog_three_pillars_becter, uniq_natasha, uniq_robin
D:3:      layout_loops_ring, grunt_temple_overflow_champion_of_chaos,
          st_stairs_5
D:4:      layout_basic, first_ration
D:5:      layout_rooms, serial_shops, kennysheep_mini

Skill      XL: |  1  2  3  4  5  6  7 |
---------------+----------------------+-----
Conjurations   | 2 3 4 5 6 8 |  8.1
Air Magic      | 5 6 |  6.9
Spellcasting   | 3 4 |  4.3
Dodging        | |  2.1
Stealth        | |  2.0

Action                   |  1- 3 |  4- 6 |  7- 9 || total
-------------------------+-------+-------+-------++-------
Melee: Unarmed           |    29 |       |       ||    29
       Kick              |     4 |    13 |     2 ||    19
       Peck              |     3 |     5 |       ||     8
       Spear             |       |    15 |       ||    15
       Staff             |       |    43 |     7 ||    50
 Cast: Shock             |    57 |   109 |    82 ||   248
       Static Discharge  |     1 |    17 |     4 ||    22
  Use: Scroll            |     3 |     1 |     9 ||    13
       Potion            |       |       |     1 ||     1
 Stab: Sleeping          |       |     4 |     1 ||     5
  Eat: Chunk             |     2 |    13 |     5 ||    20
Armor: Robe              |     7 |     9 |     5 ||    21
Dodge: Dodged            |    15 |    58 |    13 ||    86

Table legend:
 A = Non-vault XP
 B = Vault XP
 C = Vault XP percentage of total XP
 D = Non-vault monster count
 E = Vault monster count
 F = Vault count percentage of total count
                 A         B        C        D         E       F
            +---------+---------+-------+---------+---------+-------
      Total |    1053 |     149 |  12.4 |     101 |      23 |  18.5
            +---------+---------+-------+---------+---------+-------
        D:1 |      49 |       0 |   0.0 |      27 |       0 |   0.0
        D:2 |     150 |      83 |  35.6 |      25 |      19 |  43.2
        D:3 |      51 |      66 |  56.4 |      19 |       4 |  17.4
        D:4 |     533 |       0 |   0.0 |      22 |       0 |   0.0
        D:5 |     270 |       0 |   0.0 |       8 |       0 |   0.0
            +---------+---------+-------+---------+---------+-------
